 Dungeon Crawl Stone Soup version 0.29.1-2-gbd0b4ee654 (webtiles) character file.

Game seed: 13560965987451026442

49 DocClef the Insei (level 3, -4/28 HPs)
             Began as a Gnoll Transmuter on Nov 6, 2022.
             Slain by a gnoll
             ... wielding a +0 flail
              (7 damage)
             ... on level 2 of the Dungeon.
             The game lasted 00:00:59 (770 turns).

DocClef the Insei (Gnoll Transmuter)                 Turns: 770, Time: 00:01:00

Health: -4/28      AC:  2    Str: 11    XL:     3   Next: 77%
Magic:  9/9        EV: 13    Int: 12    God:
Gold:   98         SH:  0    Dex: 12    Spells: 11/12 levels left

rFire   . . .      SeeInvis .   e - +2 whip (venom)
rCold   . . .      Faith    .   (no shield)
rNeg    . . .      Spirit   .   a - +0 robe
rPois   .          Reflect  .   (no helmet)
rElec   .          Harm     .   (no cloak)
rCorr   .          Rampage  .   (no gloves)
Will    .....                   (no boots)
Stlth   ++........              (no amulet)
HPRegen 0.09/turn               (no ring)
MPRegen 0.11/turn               (no ring)

@: no status effects
A: fangs 1, strong nose, distributed training
a: no special abilities


You were on level 2 of the Dungeon.
You visited 1 branch of the dungeon, and saw 2 of its levels.

You collected 98 gold pieces.

Inventory:

Hand Weapons
 e - a +2 whip of venom (weapon)
Missiles
 m - 2 throwing nets
Armour
 a - a +0 robe (worn)
Jewellery
 i - a ring of willpower
Scrolls
 f - 2 scrolls of teleportation {unknown}
 n - a scroll of butterflies {unknown}
Potions
 b - 2 potions of lignification
 c - a potion of invisibility {unknown}
 d - a potion of flight {unknown}
 g - a potion of curing {unknown}
 h - a potion of might {unknown}
 j - a potion of mutation {unknown}
 k - a potion of experience {unknown}
 l - 2 potions of heal wounds {unknown}


   Skills:
 + Level 2.6 Fighting
 + Level 1.0 Short Blades
 + Level 1.0 Long Blades
 + Level 1.0 Axes
 + Level 1.0 Maces & Flails
 + Level 1.0 Polearms
 + Level 1.0 Staves
 + Level 1.0 Ranged Weapons
 + Level 1.0 Throwing
 + Level 1.0 Armour
 + Level 4.6 Dodging
 + Level 1.0 Stealth
 + Level 1.0 Shields
 + Level 6.5 Unarmed Combat
 + Level 5.0 Spellcasting
 + Level 0.7 Conjurations
 + Level 0.7 Hexes
 + Level 0.7 Summonings
 + Level 0.7 Necromancy
 + Level 0.7 Translocations
 + Level 3.8 Transmutations
 + Level 0.7 Fire Magic
 + Level 0.7 Ice Magic
 + Level 0.7 Air Magic
 + Level 0.7 Earth Magic
 + Level 0.7 Poison Magic
 + Level 1.0 Invocations
 + Level 1.0 Evocations


You had 11 spell levels left.
You knew the following spells:

 Your Spells              Type           Power      Damage    Failure   Level
a - Beastly Appendage     Tmut           24%        N/A       4%          1

Your spell library contained the following spells:

 Spells                   Type           Power      Damage    Failure   Level
 Wereblood                Tmut           12%        N/A       6%          2
 Ensorcelled Hibernation  Hex/Ice        8%         N/A       22%         2
 Spider Form              Tmut/Pois      8%         N/A       24%         3
 Ice Form                 Ice/Tmut       8%         N/A       61%         4
 Anguish                  Hex/Necr       2%         N/A       83%         4


Dungeon Overview and Level Annotations

Branches:
Dungeon (2/15)

Altars:


Innate Abilities, Weirdness & Mutations

You have very sharp teeth.
Your uncanny sense of smell can sniff out nearby items.
Your experience applies equally to all skills.


Message History

You kill the quokka!
You hit the gnoll but do no damage.
The gnoll is poisoned.
Your kick misses the gnoll. Your punch misses the gnoll.
The gnoll barely misses you.
You hit the gnoll but do no damage.
The gnoll looks even sicker.
You claw the gnoll.
The gnoll is moderately wounded.
The gnoll hits you with a +0 whip.
You hit the gnoll.
The gnoll looks as sick as possible!
You claw the gnoll, but do no damage. Your headbutt misses the gnoll.
The gnoll is heavily wounded.
You kill the gnoll!
Your Short Blades skill increases to level 1!
Your Long Blades skill increases to level 1!
Your Axes skill increases to level 1!
Your Maces & Flails skill increases to level 1!
Your Polearms skill increases to level 1!
Your Staves skill increases to level 1!
Your Ranged Weapons skill increases to level 1!
Your Throwing skill increases to level 1!
Your Armour skill increases to level 1!
Your Stealth skill increases to level 1!
Your Shields skill increases to level 1!
Your Evocations skill increases to level 1!
You hit the gnoll.
The gnoll is poisoned.
Your bite misses the gnoll.
The gnoll is lightly wounded.
Your horns disappear.
Your talons disappear.
The gnoll hits you with a +0 flail.
You hit the gnoll.
The gnoll is heavily wounded.
The gnoll hits you with a +0 flail!
* * * LOW HITPOINT WARNING * * *
You closely miss the gnoll.
The gnoll is heavily wounded.
The gnoll barely misses you.
You hit the gnoll but do no damage. You punch the gnoll, but do no damage.
Your bite misses the gnoll.
The gnoll is almost dead.
The gnoll hits you with a +0 flail!
You die...

##.#....##
#.#.#####.#
..........# #.#
#.#
###.#####.###.#
#..
#...........#
###
#######.##### #
##########.#
.......>...#
#######.####
#@# #######g#
#.......#
#.#####.#
#....# #.##.#
#.##.#######
#...........
####.#######


You could see a gnoll (very poisoned).

Vanquished Creatures
  2 gnolls (D:2)
  3 bats (D:1)
  3 endoplasms
  3 giant cockroaches (D:1)
  5 hobgoblins (D:1)
  3 quokkas
  4 ball pythons (D:1)
  3 kobolds
  3 rats (D:1)
29 creatures vanquished.

Notes
Turn   | Place    | Note
-------+----------+-------------------------------------------
     0 | D:1      | DocClef the Gnoll Transmuter began the quest for the Orb.
     0 | D:1      | Reached XP level 1. HP: 17/17 MP: 6/6
    29 | D:1      | Reached XP level 2. HP: 18/23 MP: 7/7
   357 | D:1      | Reached skill level 5 in Spellcasting
   357 | D:1      | Reached XP level 3. HP: 28/28 MP: 7/9
   763 | D:2      | Reached skill level 1 in Invocations
   767 | D:2      | Reached skill level 1 in Short Blades
   767 | D:2      | Reached skill level 1 in Long Blades
   767 | D:2      | Reached skill level 1 in Axes
   767 | D:2      | Reached skill level 1 in Maces & Flails
   767 | D:2      | Reached skill level 1 in Polearms
   767 | D:2      | Reached skill level 1 in Staves
   767 | D:2      | Reached skill level 1 in Ranged Weapons
   767 | D:2      | Reached skill level 1 in Throwing
   767 | D:2      | Reached skill level 1 in Armour
   767 | D:2      | Reached skill level 1 in Stealth
   767 | D:2      | Reached skill level 1 in Shields
   767 | D:2      | Reached skill level 1 in Evocations
   770 | D:2      | Slain by a gnoll

Illustrated notes

Levels and vault maps discovered:
D:1:      eino_arrival_tree_alley, layout_basic, supply_closet_lemuel
D:2:      layout_basic, uniq_natasha

Skill      XL: |  1  2  3 |
---------------+----------+-----
Spellcasting   | 5 |  5.0
Invocations    | 1 |  1.0
Short Blades   | 1 |  1.0
Long Blades    | 1 |  1.0
Axes           | 1 |  1.0
Maces & Flails | 1 |  1.0
Polearms       | 1 |  1.0
Staves         | 1 |  1.0
Ranged Weapons | 1 |  1.0
Throwing       | 1 |  1.0
Armour         | 1 |  1.0
Stealth        | 1 |  1.0
Shields        | 1 |  1.0
Evocations     | 1 |  1.0
Fighting       | |  2.6
Dodging        | |  4.6
Unarmed Combat | |  6.5
Conjurations   | |  0.7
Hexes          | |  0.7
Summonings     | |  0.7
Necromancy     | |  0.7
Translocations | |  0.7
Transmutations | |  3.8
Fire Magic     | |  0.7
Ice Magic      | |  0.7
Air Magic      | |  0.7
Earth Magic    | |  0.7
Poison Magic   | |  0.7

Action                   || total
-------------------------++-------
Melee: Unarmed           ||    18
       Kick              ||    13
       Headbutt          ||     6
       Whip              ||    39
       Punch             ||     1
       Bite              ||     1
 Cast: Beastly Appendage ||     8
 Stab: Sleeping          ||     4
Armor: Robe              ||     5
Dodge: Dodged            ||    32
